 Dungeon Crawl Stone Soup version 0.29.1-15-g9cfb28693d (webtiles) character file.

Game seed: 16880134147526596631

1305 sweetbreads the Geomancer (level 8, -8/41 HPs)
             Began as a Gargoyle Earth Elementalist on Mar 18, 2023.
             Was an Initiate of Sif Muna.
             Mangled by Maggie
             ... wielding a +2 vorpal halberd
              (9 damage)
             ... on level 6 of the Dungeon.
             The game lasted 00:20:14 (5561 turns).

sweetbreads the Geomancer (GrEE)                    Turns: 5561, Time: 00:20:15

Health: -8/41      AC:  9    Str: 12    XL:     8   Next: 57%
Magic:  7/11       EV: 12    Int: 18    God:    Sif Muna [......]
Gold:   84         SH:  0    Dex: 10    Spells: 5/11 levels left

rFire   + . .      SeeInvis .   a - +0 whip
rCold   + . .      Faith    .   (no shield)
rNeg    + + .      Spirit   .   h - +1 robe {rC+ rF+}
rPois   ∞          Reflect  .   (no helmet)
rElec   +          Harm     .   s - scarf {+Inv}
rCorr   .          Rampage  .   d - +0 pair of gloves
Will    .....                   (no boots)
Stlth   ++........              (no amulet)
HPRegen 0.13/turn               w - ring of positive energy
MPRegen 0.12/turn               (no ring)

@: mesmerised
A: sickness immunity, AC +5, negative energy resistance 1, electricity
resistance, torment resistance 1, petrification resistance
a: Renounce Religion, Evoke Invisibility


You were on level 6 of the Dungeon.
You worshipped Sif Muna.
Sif Muna was noncommittal.
You visited 2 branches of the dungeon, and saw 7 of its levels.

You collected 235 gold pieces.
You spent 151 gold pieces at shops.

Inventory:

Hand Weapons
 a - a +0 whip (weapon)
Armour
 d - a +0 pair of gloves (worn)
 h - a +1 robe of resistance (worn)
 s - a scarf of invisibility (worn)
Magical Staves
 p - a staff of poison
Jewellery
 w - a ring of positive energy (left hand)
Wands
 t - a wand of paralysis (7)
Scrolls
 e - a scroll of enchant armour {unknown}
 f - a scroll of vulnerability {unknown}
 g - a scroll of fear {unknown}
 n - 3 scrolls of poison {unknown}
 o - 3 scrolls of immolation {unknown}
 q - 3 scrolls of identify {unknown}
 r - a scroll of enchant weapon {unknown}
 v - a scroll of teleportation {unknown}
Potions
 b - 2 potions of magic
 c - 4 potions of brilliance
 i - a potion of haste {unknown}
 j - 2 potions of might {unknown}
 k - a potion of heal wounds {unknown}
 l - 3 potions of curing
 m - a potion of lignification {unknown}
 u - a potion of flight {unknown}


   Skills:
 * Level 3.4 Dodging
 - Level 4.0 Stealth
 - Level 2.0 Spellcasting
 * Level 3.8 Conjurations
 * Level 2.9 Translocations
 - Level 1.0 Transmutations
 + Level 9.5 Earth Magic


You had 5 spell levels left.
You knew the following spells:

 Your Spells              Type           Power      Damage    Failure   Level
a - Sandblast             Erth           72%        2d16      1%          1
b - Stone Arrow           Conj/Erth      50%        3d10      3%          3
d - Blink                 Tloc           24%        N/A       9%          2

Your spell library contained the following spells:

 Spells                   Type           Power      Damage    Failure   Level
 Passwall                 Tmut/Erth      16%        N/A       3%          2
 Lesser Beckoning         Tloc           12%        N/A       16%         3
 Petrify                  Tmut/Erth      20%        N/A       21%         4
 Portal Projectile        Hex/Tloc       14%        N/A       30%         3
 Frozen Ramparts          Ice            2%         1d1       47%         3
 Tukima's Dance           Hex            1%         N/A       47%         3
 Passage of Golubria      Tloc           12%        N/A       47%         4
 Ice Form                 Ice/Tmut       3%         N/A       82%         4
 Manifold Assault         Tloc           12%        N/A       83%         5
 Summon Ice Beast         Ice/Summ       1%         N/A       87%         4
 Blade Hands              Tmut           2%         N/A       97%         5
 Yara's Violent Unravell  Hex/Tmut       1%         3d3       99%         5
 Malign Gateway           Summ/Tloc      3%         N/A       100%        7
 Summon Horrible Things   Summ           0%         N/A       100%        8


Dungeon Overview and Level Annotations

Branches:
Dungeon (6/15)             Temple (1/1) D:5

Altars:
Ashenzari
Cheibriados
Dithmenos
Elyvilon
Fedhas
Hepliaklqana
Kikubaaqudgha
Makhleb
Nemelex Xobeh
Qazlal
Ru
Sif Muna
Trog
Xom
Yredelemnul
Zin
The Shining One

Shops:
D:2 =   D:5 *[*!

Annotations:
D:2 Terence
D:5 2 transporters, Seidenschwarz's ghost, novice MiFi
D:6 Maggie; Pikel


Innate Abilities, Weirdness & Mutations

You are immune to sickness and miasma.
Your stone body is resilient. (AC +5)
You are immune to poison.
You resist negative energy. (rN+)
You are resistant to electric shocks. (rElec)
You are resistant to unholy torment.
You are immune to petrification.


Message History

Confirm with . or Enter, or press ? or * to list all spells.
Aiming: Sandblast (safe; 1% risk of failure)
Press: ? - help, Shift-Dir - straight line, f - Maggie
Aim: Maggie, wielding a +2 vorpal halberd and wearing +0 steam dragon scales (mesmerising, 84% to hit)
The blast of sand hits Maggie.
Maggie is lightly wounded.
Casting: Sandblast (safe; 1% risk of failure)
Confirm with . or Enter, or press ? or * to list all spells.
Aiming: Sandblast (safe; 1% risk of failure)
Press: ? - help, Shift-Dir - straight line, f/p - Maggie
Aim: Maggie, wielding a +2 vorpal halberd and wearing +0 steam dragon scales (lightly wounded, mesmerising, 84% to hit)
The blast of sand hits Maggie.
Maggie is lightly wounded.
Maggie hits you but does no damage.
Casting: Sandblast (safe; 1% risk of failure)
Confirm with . or Enter, or press ? or * to list all spells.
Aiming: Sandblast (safe; 1% risk of failure)
Press: ? - help, Shift-Dir - straight line, f/p - Maggie
Aim: Maggie, wielding a +2 vorpal halberd and wearing +0 steam dragon scales (lightly wounded, mesmerising, 84% to hit)
The blast of sand hits Maggie!
Maggie is moderately wounded.
Maggie hits you from afar with a +2 vorpal halberd!
Maggie hits you from afar with a +2 vorpal halberd!!
* * * LOW HITPOINT WARNING * * *
x2 Unknown command.
Casting: Sandblast (safe; 1% risk of failure)
Confirm with . or Enter, or press ? or * to list all spells.
Aiming: Sandblast (safe; 1% risk of failure)
Press: ? - help, Shift-Dir - straight line, f/p - Maggie
Aim: Maggie, wielding a +2 vorpal halberd and wearing +0 steam dragon scales (moderately wounded, mesmerising, 84% to hit)
Okay, then.
Casting: Sandblast (safe; 1% risk of failure)
Confirm with . or Enter, or press ? or * to list all spells.
Aiming: Sandblast (safe; 1% risk of failure)
Press: ? - help, Shift-Dir - straight line, f/p - Maggie
Aim: Maggie, wielding a +2 vorpal halberd and wearing +0 steam dragon scales (moderately wounded, mesmerising, 84% to hit)
The blast of sand hits Maggie but does no damage.
Maggie is moderately wounded.
Maggie hits you from afar with a +2 vorpal halberd!
You die...

##......... .........
.#........ .........
≈§##+####+#+##........
.§.##.# ...##........
.§≈
#..######.##.......<
_.≈≈ ...
...#.......#+# #.#
#.#.........#
##.####.....#######
#.....@.@>.<#
##......###.#
#.##.#.....#
......#†###.#
#.#.####.# #.# #.#.#
#.# #.# # #.# #.. ..#
#.# #.# #.#


You could see Maggie (mesmerising).

Vanquished Creatures
  A black bear (D:5)
  3 ogres
  2 phantoms
  2 necrophages
  2 scorpions (D:3)
  4 hounds
  A jelly (D:5)
  A gnoll bouda (D:5)
  2 iguanas
  9 gnolls
  16 adders
  A white imp (D:3)
  5 dart slugs
  4 orcs
  15 ball pythons
  6 endoplasms
  3 giant cockroaches
  7 hobgoblins
  6 jackals (D:1)
  4 quokkas
  7 bats
  7 frilled lizards
  2 goblins (D:2)
  7 kobolds
  7 rats
124 creatures vanquished.

Notes
Turn   | Place    | Note
-------+----------+-------------------------------------------
     0 | D:1      | sweetbreads the Gargoyle Earth Elementalist began the quest
                  | for the Orb.
     0 | D:1      | Reached XP level 1. HP: 10/10 MP: 3/3
   167 | D:1      | Reached skill level 1 in Transmutations
   167 | D:1      | Reached XP level 2. HP: 13/15 MP: 0/5
   275 | D:1      | Reached skill level 4 in Earth Magic
   669 | D:1      | Reached XP level 3. HP: 19/19 MP: 4/6
   675 | D:1      | Learned a level 3 spell: Stone Arrow
   710 | D:1      | Learned a level 2 spell: Blink
   902 | D:2      | Found Kaizah's Jewellery Shop.
  1364 | D:2      | Noticed Terence
  1405 | D:2      | Found a faded altar of an unknown god.
  2046 | D:3      | Noticed a scorpion
  2088 | D:3      | Reached XP level 4. HP: 24/24 MP: 5/7
  2628 | D:3      | Killed a scorpion
  2629 | D:3      | Reached skill level 1 in Conjurations
  2629 | D:3      | Reached skill level 5 in Earth Magic
  2629 | D:3      | Reached XP level 5. HP: 18/28 MP: 2/8
  2860 | D:3      | Reached skill level 1 in Translocations
  3075 | D:3      | Reached skill level 6 in Earth Magic
  3075 | D:3      | Reached XP level 6. HP: 24/32 MP: 4/9
  3325 | D:4      | Reached XP level 7. HP: 31/36 MP: 4/10
  3414 | D:4      | Reached skill level 7 in Earth Magic
  3760 | D:4      | Found a snail-covered altar of Cheibriados.
  3855 | D:4      | Found a glowing silver altar of Zin.
  3999 | D:5      | Entered Level 5 of the Dungeon
  4151 | D:5      | Reached skill level 8 in Earth Magic
  4255 | D:5      | Found a transporter.
  4257 | D:5      | Found a staircase to the Ecumenical Temple.
  4257 | D:5      | Noticed Seidenschwarz's ghost (novice MiFi)
  4260 | D:5      | Found a transporter.
  4274 | D:5      | Reached XP level 8. HP: 14/41 MP: 2/11
  4348 | Temple   | Entered the Ecumenical Temple
  4619 | Temple   | Became a worshipper of Sif Muna the Loreminder
  4919 | D:5      | Found Ratsogo's Antique Armour Emporium.
  4920 | D:5      | Found Moren's Assorted Antiques.
  4925 | D:5      | Found Cioclaub's Distillery.
  4925 | D:5      | Found Jagyeroh's Assorted Antiques.
  4928 | D:5      | Bought a potion of brilliance for 40 gold pieces
  4928 | D:5      | Bought a potion of curing for 30 gold pieces
  4933 | D:5      | Bought a scroll labelled LECKUM LUSSOF for 27 gold pieces
  4933 | D:5      | Bought a scroll labelled NEEG KEFOADY for 27 gold pieces
  4933 | D:5      | Bought a scroll labelled NEEG KEFOADY for 27 gold pieces
  4998 | D:5      | Reached skill level 9 in Earth Magic
  5447 | D:6      | Found a broken altar of Ashenzari.
  5490 | D:6      | Noticed Pikel
  5549 | D:6      | Noticed Maggie
  5560 | D:6      | HP: 2/41 [Maggie/+2 vorpal halberd (18)]
  5561 | D:6      | Mangled by Maggie

Illustrated notes

Levels and vault maps discovered:
D:1:      lightli_arrival_chessboard, layout_loops_ring
D:2:      layout_loops_cross, chequers_ecumenical_altar_island, serial_shops,
          nicolae_shop_hallway_stairs, uniq_terence
D:3:      layout_basic, serial_curves, eino_curves_01, eino_curves_03,
          minmay_snake_closets
D:4:      layout_rooms, zin_scriptorium, mainiacjoe_overflow_alcove_1
D:5:      layout_basic, minmay_temple_entry_statues_pillars,
          gammafunk_ghost_mausoleum, minmay_shop_grid_forest
D:6:      layout_basic, okawaru_metal_pillars_1_2, mainiacjoe_overflow_paths,
          mainiacjoe_overflow_tiny_flanked, uniq_maggie, uniq_pikel,
          uniq_crazy_yiuf_cottage
Temple:   nicolae_temple_superstar

Skill      XL: |  1  2  3  4  5  6  7  8 |
---------------+-------------------------+-----
Transmutations | 1 |  1.0
Earth Magic    | 4 5 6 8 9 |  9.5
Dodging        | 2 3 |  3.4
Stealth        | 3 4 |  4.0
Conjurations   | 1 2 3 |  3.8
Translocations | 1 2 |  2.9
Spellcasting   | |  2.0

Action                   |  1- 3 |  4- 6 |  7- 9 || total
-------------------------+-------+-------+-------++-------
Melee: Whip              |     8 |       |     6 ||    14
 Cast: Sandblast         |    57 |    59 |    87 ||   203
 Stab: Sleeping          |     1 |       |       ||     1
Armor: Robe              |     5 |    11 |    12 ||    28
Dodge: Dodged            |     4 |    19 |    32 ||    55
